[Event "45th FIDE Womens Olympiad 2024"]
[Site "Budapest"]
[Date "2024.09.14"]
[Round "4.121"]
[White "Terao, Juliana Sayumi"]
[Black "Cordero, Daniela"]
[Result "1-0"]
[ECO "C08"]
[WhiteElo "2161"]
[BlackElo "2017"]
[Annotator "ChessBase"]
[PlyCount "107"]
[EventDate "2024.09.05"]
[EventType "team-tourn"]
[EventCountry "HUN"]
[SourceTitle "playchess.com"]
[Source "ChessBase"]
[SourceQuality "1"]
[WhiteTeam "Brazil"]
[BlackTeam "Bolivia"]
[WhiteTeamCountry "BRA"]
[BlackTeamCountry "BOL"]
[TimeControl "40/5400+30:1800+30"]

1. e4 e6 2. d4 d5 3. Nd2 a6 4. Ngf3 c5 5. exd5 exd5 6. Be2 Nf6 7. O-O Bd6 8. dxc5 Bxc5 9. Nb3 Bb6 10. Bg5 O-O 11. c3 Re8 12. Nfd4 Nbd7 13. Re1 Nf8 14. Bf3 Be6 15. Nxe6 Nxe6 16. Bh4 g5 17. Bg3 Re7 18. Qd3 g4 19. Be2 Ng5 20. Qf5 Nge4 21. Bh4 g3 22. Bxg3 Nxg3 23. hxg3 Ne4 24. Nd4 Qd6 25. Bd3 Re5 26. Qf4 Rae8 27. Rad1 Qe7 28. Rf1 Bc7 29. Nf5 Qf6 30. Nh6+ Kg7 31. Ng4 Qxf4 32. gxf4 R5e6 33. f5 Rb6 34. Bxe4 Rxe4 35. f3 Re2 36. b4 h5 37. Nf2 Rxa2 38. Rxd5 Rc6 39. Ne4 Bb6+ 40. Kh2 h4 41. Kh3 Bc7 42. Rfd1 Bf4 43. Rd7 Rb6 44. Re7 Rb5 45. f6+ Kg6 46. Rd8 Bg3 47. Rg8+ Kf5 48. Rxf7 Kf4 49. Rg4+ Ke3 50. Re7 Be5 51. f7 Ra1 52. Rxh4 Rb6 53. Rxe5 Rg6 54. Rg5 1-0

[Event "45th FIDE Womens Olympiad 2024"]
[Site "Budapest"]
[Date "2024.09.14"]
[Round "4.122"]
[White "Monroy G., Nataly A."]
[Black "Librelato, Kathie Goulart"]
[Result "0-1"]
[ECO "A46"]
[WhiteElo "1939"]
[BlackElo "2181"]
[Annotator "ChessBase"]
[PlyCount "56"]
[EventDate "2024.09.05"]
[EventType "team-tourn"]
[EventCountry "HUN"]
[SourceTitle "playchess.com"]
[Source "ChessBase"]
[SourceQuality "1"]
[WhiteTeam "Bolivia"]
[BlackTeam "Brazil"]
[WhiteTeamCountry "BOL"]
[BlackTeamCountry "BRA"]
[TimeControl "40/5400+30:1800+30"]

1. d4 Nf6 2. Nf3 e6 3. g3 b5 4. Bg2 Bb7 5. O-O c5 6. a4 a6 7. b3 d5 8. axb5 axb5 9. Rxa8 Bxa8 10. c4 b4 11. dxc5 Bxc5 12. Ne5 Nbd7 13. Nd3 O-O 14. Nd2 Be7 15. Bb2 Qb6 16. e3 Bb7 17. Bd4 Qc7 18. Qa1 Ne4 19. Rd1 Ra8 20. Qb2 f6 21. cxd5 Nc3 22. Bxc3 bxc3 23. Qc2 exd5 24. Nf4 Nb6 25. Nb1 Ra1 26. Nxd5 Nxd5 27. Bxd5+ Bxd5 28. Nxc3 Qxc3 0-1

[Event "45th FIDE Womens Olympiad 2024"]
[Site "Budapest"]
[Date "2024.09.14"]
[Round "4.123"]
[White "Alboredo, Julia"]
[Black "Yepez Montenegro, Gloria Luz"]
[Result "1-0"]
[ECO "C02"]
[WhiteElo "2127"]
[BlackElo "1818"]
[Annotator "NA"]
[PlyCount "79"]
[EventDate "2024.09.05"]
[EventType "team-tourn"]
[EventCountry "HUN"]
[SourceTitle "playchess.com"]
[Source "ChessBase"]
[SourceQuality "1"]
[WhiteTeam "Brazil"]
[BlackTeam "Bolivia"]
[WhiteTeamCountry "BRA"]
[BlackTeamCountry "BOL"]
[TimeControl "40/5400+30:1800+30"]

1. e4 e6 2. d4 d5 3. e5 c5 4. c3 Nc6 5. Nf3 Bd7 6. Be2 cxd4 7. cxd4 Nge7 8. O-O Qb6 9. Nc3 Nf5 10. Na4 Qa5 11. Bd2 Qd8 12. Bc3 b5 13. Bxb5 Nxe5 14. Bxd7+ Nxd7 15. b4 Bd6 16. Nc5 O-O 17. Qe2 Nb6 18. a4 Qe7 19. Ne5 Bxe5 20. Qxe5 Nc4 21. Qe2 a6 22. f4 Rfe8 23. Rae1 Ra7 24. Qd3 h5 25. Rf2 g6 26. g3 Kg7 27. Rfe2 Qc7 28. Rb1 Kg8 29. Be1 Rc8 30. Bf2 Qc6 31. Kg2 Raa8 32. h3 Kg7 33. g4 hxg4 34. hxg4 Ne7 35. Rbe1 e5 36. fxe5 Rh8 37. Qf3 Rh6 38. Qf6+ Kg8 39. Qxe7 Qc8 40. e6 1-0

[Event "45th FIDE Womens Olympiad 2024"]
[Site "Budapest"]
[Date "2024.09.14"]
[Round "4.124"]
[White "Gareca Ordonez, Carla Angelica"]
[Black "Dias, Clara"]
[Result "1-0"]
[ECO "A11"]
[WhiteElo "1778"]
[BlackElo "1954"]
[Annotator "NA"]
[PlyCount "74"]
[EventDate "2024.09.05"]
[EventType "team-tourn"]
[EventCountry "HUN"]
[SourceTitle "playchess.com"]
[Source "ChessBase"]
[SourceQuality "1"]
[WhiteTeam "Bolivia"]
[BlackTeam "Brazil"]
[WhiteTeamCountry "BOL"]
[BlackTeamCountry "BRA"]
[TimeControl "40/5400+30:1800+30"]

1. d4 d5 2. Nf3 Nf6 3. c4 c6 4. g3 Bg4 5. Ne5 Bf5 6. Bg2 e6 7. O-O Be7 8. Nc3 O-O 9. Re1 Nbd7 10. Bf4 Ne4 11. Nxe4 Bxe4 12. Bxe4 dxe4 13. Qc2 f5 14. c5 Nxe5 15. Bxe5 Bf6 16. Red1 Qd5 17. Bd6 Rf7 18. e3 Be7 19. Be5 Bd8 20. Qc3 Bc7 21. b4 Rd8 22. Kg2 Rfd7 23. Bxc7 Rxc7 24. Rdb1 Re7 25. b5 cxb5 26. Rxb5 e5 27. Rb4 f4 28. gxf4 exf4 29. Qb3 f3+ 30. Kg3 Rf7 31. Qxd5 Rxd5 32. h4 g5 33. h5 Kg7 34. Rab1 Rdd7 35. Kg4 h6 36. Ra4 a6 37. Rab4 Kh7 1-0

[Event "45th FIDE Womens Olympiad 2024"]
[Site "Budapest"]
[Date "2024.09.14"]
[Round "4.125"]
[White "Gong, Qianyun"]
[Black "Ryjanova, Julia"]
[Result "1-0"]
[ECO "B50"]
[WhiteElo "2250"]
[BlackElo "2255"]
[Annotator "ChessBase"]
[PlyCount "85"]
[EventDate "2024.09.05"]
[EventType "team-tourn"]
[EventCountry "HUN"]
[SourceTitle "playchess.com"]
[Source "ChessBase"]
[SourceQuality "1"]
[WhiteTeam "Singapore"]
[BlackTeam "Australia"]
[WhiteTeamCountry "SIN"]
[BlackTeamCountry "AUS"]
[TimeControl "40/5400+30:1800+30"]

1. e4 c5 2. Nf3 d6 3. c3 Nf6 4. Bd3 g6 5. O-O Bg7 6. Re1 O-O 7. h3 Nc6 8. Bb5 Bd7 9. d4 Nxd4 10. Nxd4 cxd4 11. Bxd7 Nxd7 12. cxd4 Qb6 13. Be3 Qxb2 14. Nd2 Qb5 15. Rb1 Qa6 16. Qb3 b6 17. Bg5 Rfe8 18. Nf3 Rac8 19. Qe3 Rc2 20. a3 Nf8 21. e5 d5 22. Rbc1 Rxc1 23. Rxc1 Ne6 24. Qb3 Qb7 25. Be3 Rd8 26. Ne1 f6 27. Nd3 fxe5 28. dxe5 Rd7 29. f4 Nd8 30. Bf2 e6 31. Bh4 Nc6 32. Qc3 Na5 33. f5 gxf5 34. Nf4 Nc4 35. Nxe6 Bxe5 36. Qf3 Nd6 37. Nd8 Qa8 38. Nc6 Nf7 39. Nxe5 Nxe5 40. Qxf5 Qe8 41. Re1 Qf8 42. Qxe5 Qc5+ 43. Bf2 1-0

[Event "45th FIDE Womens Olympiad 2024"]
[Site "Budapest"]
[Date "2024.09.14"]
[Round "4.126"]
[White "Zhang, Jilin"]
[Black "Pang, Kay Yan Eden"]
[Result "1-0"]
[ECO "C02"]
[WhiteElo "2155"]
[BlackElo "1847"]
[Annotator "ChessBase"]
[PlyCount "115"]
[EventDate "2024.09.05"]
[EventType "team-tourn"]
[EventCountry "HUN"]
[SourceTitle "playchess.com"]
[Source "ChessBase"]
[SourceQuality "1"]
[WhiteTeam "Australia"]
[BlackTeam "Singapore"]
[WhiteTeamCountry "AUS"]
[BlackTeamCountry "SIN"]
[TimeControl "40/5400+30:1800+30"]

1. e4 c5 2. Nf3 e6 3. c3 d5 4. e5 Nc6 5. d4 Nge7 6. a3 a5 7. Bd3 Nf5 8. O-O Be7 9. dxc5 Bxc5 10. Nbd2 O-O 11. Nb3 Bb6 12. Nbd4 Bc7 13. Bg5 Qe8 14. Re1 h6 15. Bd2 Ncxd4 16. cxd4 b5 17. Rc1 Bb6 18. Qe2 Bd7 19. Bb1 Qe7 20. Qd3 g6 21. g4 Nh4 22. Bxh6 Nxf3+ 23. Qxf3 Rfc8 24. Qf4 Bd8 25. h4 f5 26. Bg5 Qf7 27. Bxd8 Rxd8 28. gxf5 exf5 29. Rc7 Qe6 30. Rec1 Rdc8 31. Qg5 Rxc7 32. Rxc7 Rc8 33. Rxc8+ Bxc8 34. h5 Kh7 35. hxg6+ Qxg6 36. Qxg6+ Kxg6 37. Kg2 Kg5 38. Kf3 f4 39. b4 axb4 40. axb4 Bg4+ 41. Kg2 Be6 42. Bd3 Bd7 43. e6 Be8 44. Bh7 Kf6 45. Bg8 Bh5 46. Kh3 Be2 47. Kh4 Bf3 48. e7 Kxe7 49. Kg5 Kd6 50. Kxf4 Bd1 51. Kf5 Bf3 52. Kf6 Bg2 53. f4 Bf3 54. Bf7 Bg2 55. Bh5 Bf1 56. Bg4 Bd3 57. f5 Bf1 58. Kf7 1-0

[Event "45th FIDE Womens Olympiad 2024"]
[Site "Budapest"]
[Date "2024.09.14"]
[Round "4.127"]
[White "Koh, Wei Le Gladys"]
[Black "Nguyen, Thu Giang"]
[Result "0-1"]
[ECO "B12"]
[WhiteElo "1788"]
[BlackElo "2068"]
[Annotator "NA"]
[PlyCount "58"]
[EventDate "2024.09.05"]
[EventType "team-tourn"]
[EventCountry "HUN"]
[SourceTitle "playchess.com"]
[Source "ChessBase"]
[SourceQuality "1"]
[WhiteTeam "Singapore"]
[BlackTeam "Australia"]
[WhiteTeamCountry "SIN"]
[BlackTeamCountry "AUS"]
[TimeControl "40/5400+30:1800+30"]

1. e4 c6 2. d4 d5 3. e5 c5 4. dxc5 e6 5. a3 Bxc5 6. b4 Be7 7. Bb2 a5 8. b5 Nd7 9. Nf3 f6 10. c4 Nb6 11. Nbd2 Nh6 12. Bd3 Nf7 13. O-O f5 14. Rc1 dxc4 15. Nxc4 Nd5 16. a4 O-O 17. Qb3 Bd7 18. Rfd1 g6 19. Ba3 Bb4 20. Bf1 Qe7 21. Bb2 Bc5 22. Ne1 Ng5 23. Nd6 Ne4 24. Nxe4 fxe4 25. Bd4 Rac8 26. Bxc5 Rxc5 27. Rxc5 Qxc5 28. Qc2 Qb6 29. Be2 Qxf2+ 0-1

[Event "45th FIDE Womens Olympiad 2024"]
[Site "Budapest"]
[Date "2024.09.14"]
[Round "4.128"]
[White "Vincent, Alaina"]
[Black "Fang, Kun"]
[Result "0-1"]
[ECO "C85"]
[WhiteElo "1976"]
[BlackElo "1769"]
[Annotator "NA"]
[PlyCount "92"]
[EventDate "2024.09.05"]
[EventType "team-tourn"]
[EventCountry "HUN"]
[SourceTitle "playchess.com"]
[Source "ChessBase"]
[SourceQuality "1"]
[WhiteTeam "Australia"]
[BlackTeam "Singapore"]
[WhiteTeamCountry "AUS"]
[BlackTeamCountry "SIN"]
[TimeControl "40/5400+30:1800+30"]

1. e4 e5 2. Nf3 Nc6 3. Bb5 a6 4. Ba4 Nf6 5. O-O Be7 6. Bxc6 dxc6 7. d3 Nd7 8. Be3 c5 9. a4 O-O 10. Nbd2 b6 11. Kh1 Re8 12. Ng1 Nf8 13. f4 exf4 14. Bxf4 Ng6 15. Qf3 Be6 16. Bg3 Bf6 17. c3 Qd7 18. Rae1 Rad8 19. e5 Bg4 20. Qf2 Bxe5 21. Nc4 Bf6 22. Nf3 Rxe1 23. Rxe1 Be6 24. Nce5 Nxe5 25. Nxe5 Qxa4 26. h3 Bxe5 27. Bxe5 Rxd3 28. Bxc7 Qc6 29. Bg3 Bxh3 30. Kh2 Be6 31. Ra1 a5 32. b4 cxb4 33. cxb4 axb4 34. Qf4 h6 35. Qxb4 Rb3 36. Qd4 Qd5 37. Qh4 Rb2 38. Bf2 Kh7 39. Kg1 b5 40. Qg3 b4 41. Rf1 b3 42. Be1 Rc2 43. Bf2 b2 44. Be3 Qd3 45. Qf4 Re2 46. Bf2 b1=Q 0-1

[Event "45th FIDE Womens Olympiad 2024"]
[Site "Budapest"]
[Date "2024.09.14"]
[Round "4.129"]
[White "Mendoza, Shania Mae"]
[Black "Ortez, Andrea"]
[Result "1-0"]
[ECO "B23"]
[WhiteElo "2013"]
[BlackElo "1948"]
[Annotator "NA"]
[PlyCount "119"]
[EventDate "2024.09.05"]
[EventType "team-tourn"]
[EventCountry "HUN"]
[SourceTitle "playchess.com"]
[Source "ChessBase"]
[SourceQuality "1"]
[WhiteTeam "Philippines"]
[BlackTeam "El Salvador"]
[WhiteTeamCountry "PHI"]
[BlackTeamCountry "ESA"]
[TimeControl "40/5400+30:1800+30"]

1. e4 c5 2. Nc3 Nc6 3. f4 g6 4. Nf3 Bg7 5. Bb5 Nd4 6. a4 a6 7. Bc4 e6 8. O-O Ne7 9. e5 d5 10. Be2 Nec6 11. Nxd4 Nxd4 12. Bf3 O-O 13. Ne2 Nxe2+ 14. Qxe2 Bd7 15. d3 Qe7 16. Bd2 Rac8 17. c3 Bc6 18. d4 b5 19. a5 c4 20. g4 f5 21. exf6 Qxf6 22. Rfe1 Bd7 23. g5 Qf7 24. Bg4 Rfe8 25. Qf3 Bf8 26. Re2 Bd6 27. Rae1 Re7 28. h4 Rf8 29. Rf1 e5 30. dxe5 Bxg4 31. Qxg4 Rxe5 32. Rxe5 Bxe5 33. Be3 Bg7 34. Bc5 Re8 35. Kg2 d4 36. cxd4 Bxd4 37. Bxd4 Qd5+ 38. Qf3 Qxd4 39. Rf2 b4 40. h5 gxh5 41. Qxh5 Qd5+ 42. Kh2 Re1 43. Rg2 Qd1 44. Qxd1 Rxd1 45. Rc2 Rd4 46. Kg3 Rd3+ 47. Kg4 c3 48. bxc3 Rxc3 49. Rd2 b3 50. Rd8+ Kg7 51. Rb8 Rc5 52. Rb7+ Kg8 53. Rxb3 Rxa5 54. Rb8+ Kg7 55. Rb7+ Kg8 56. Ra7 Ra1 57. Kf5 Ra4 58. Ke5 a5 59. f5 Ra1 60. Kf6 1-0

[Event "45th FIDE Womens Olympiad 2024"]
[Site "Budapest"]
[Date "2024.09.14"]
[Round "4.130"]
[White "Garcia, Angie"]
[Black "Frayna, Janelle Mae"]
[Result "0-1"]
[ECO "B06"]
[WhiteElo "2015"]
[BlackElo "2216"]
[Annotator "ChessBase"]
[PlyCount "76"]
[EventDate "2024.09.05"]
[EventType "team-tourn"]
[EventCountry "HUN"]
[SourceTitle "playchess.com"]
[Source "ChessBase"]
[SourceQuality "1"]
[WhiteTeam "El Salvador"]
[BlackTeam "Philippines"]
[WhiteTeamCountry "ESA"]
[BlackTeamCountry "PHI"]
[TimeControl "40/5400+30:1800+30"]

1. e4 g6 2. d4 Bg7 3. Nc3 d6 4. f4 a6 5. a4 e6 6. Nf3 Ne7 7. Bd3 Nd7 8. O-O c5 9. Be3 cxd4 10. Nxd4 Nc5 11. Be2 O-O 12. Qe1 Qc7 13. Qg3 d5 14. Bf3 dxe4 15. Nxe4 Nd5 16. Bf2 Nxe4 17. Bxe4 Qxf4 18. Qxf4 Nxf4 19. Bf3 e5 20. Be3 Nxg2 21. Bxg2 exd4 22. Bf4 Bf5 23. c3 dxc3 24. bxc3 Bxc3 25. Rac1 Bd4+ 26. Kh1 b5 27. axb5 axb5 28. Bxa8 Rxa8 29. Kg2 Be4+ 30. Kh3 Ra3+ 31. Bg3 Bf5+ 32. Rxf5 gxf5 33. Rf1 b4 34. Rxf5 b3 35. Rg5+ Kh8 36. Rb5 b2 37. Kg4 Ra1 38. Rb8+ Kg7 0-1

[Event "45th FIDE Womens Olympiad 2024"]
[Site "Budapest"]
[Date "2024.09.14"]
[Round "4.131"]
[White "Fronda, Jan Jodilyn"]
[Black "Vasquez Vasquez, Marielos"]
[Result "1-0"]
[ECO "B31"]
[WhiteElo "2165"]
[BlackElo "1844"]
[Annotator "ChessBase"]
[PlyCount "61"]
[EventDate "2024.09.05"]
[EventType "team-tourn"]
[EventCountry "HUN"]
[SourceTitle "playchess.com"]
[Source "ChessBase"]
[SourceQuality "1"]
[WhiteTeam "Philippines"]
[BlackTeam "El Salvador"]
[WhiteTeamCountry "PHI"]
[BlackTeamCountry "ESA"]
[TimeControl "40/5400+30:1800+30"]

1. e4 c5 2. Nf3 Nc6 3. Bb5 g6 4. O-O Bg7 5. Bxc6 dxc6 6. h3 Nf6 7. Re1 Nd7 8. e5 Nb6 9. d3 Nd5 10. Nbd2 O-O 11. Ne4 b6 12. b3 Qc7 13. Bb2 Bf5 14. Ng3 Bd7 15. Qc1 h6 16. a3 Qc8 17. c4 Nc7 18. b4 Ne6 19. Ne4 Rd8 20. Qe3 cxb4 21. d4 Be8 22. axb4 f6 23. exf6 exf6 24. d5 Nf8 25. Nxf6+ Bxf6 26. Bxf6 Rd7 27. Be7 Nh7 28. Qxh6 Qb7 29. d6 Bf7 30. Re4 Re8 31. Rh4 1-0

[Event "45th FIDE Womens Olympiad 2024"]
[Site "Budapest"]
[Date "2024.09.14"]
[Round "4.132"]
[White "Barahona, Dalila Yamileth"]
[Black "Galas, Bernadette"]
[Result "0-1"]
[ECO "A37"]
[WhiteElo "1833"]
[BlackElo "2013"]
[Annotator "NA"]
[PlyCount "82"]
[EventDate "2024.09.05"]
[EventType "team-tourn"]
[EventCountry "HUN"]
[SourceTitle "playchess.com"]
[Source "ChessBase"]
[SourceQuality "1"]
[WhiteTeam "El Salvador"]
[BlackTeam "Philippines"]
[WhiteTeamCountry "ESA"]
[BlackTeamCountry "PHI"]
[TimeControl "40/5400+30:1800+30"]

1. c4 c5 2. Nc3 Nc6 3. g3 g6 4. Bg2 Bg7 5. Nf3 d6 6. O-O e6 7. d3 Nge7 8. Rb1 O-O 9. a3 Rb8 10. Bd2 b6 11. b4 Bb7 12. Qc1 Nd4 13. Nxd4 cxd4 14. Ne4 f5 15. Ng5 Qd7 16. Nf3 e5 17. e3 dxe3 18. fxe3 Rbc8 19. Bc3 b5 20. Qd1 e4 21. Nd4 bxc4 22. dxc4 Rxc4 23. Qd2 Nd5 24. Bb2 Rfc8 25. Rfc1 Bh6 26. Re1 Bg7 27. Bf1 R4c7 28. Bb5 Qe7 29. Ba4 Nb6 30. Bb3+ d5 31. Nb5 Nc4 32. Bxc4 Rxc4 33. Bxg7 Qxg7 34. Nd6 Rc2 35. Qd1 R8c3 36. Nb5 Qh6 37. h4 Rxe3 38. Qxc2 Rxg3+ 39. Kf1 Qf4+ 40. Qf2 Rf3 41. Re2 e3 0-1

[Event "45th FIDE Womens Olympiad 2024"]
[Site "Budapest"]
[Date "2024.09.14"]
[Round "4.133"]
[White "Mayorga Araya, Sofia"]
[Black "Goossens, Hanne"]
[Result "1-0"]
[ECO "C77"]
[WhiteElo "2059"]
[BlackElo "2189"]
[Annotator "ChessBase"]
[PlyCount "139"]
[EventDate "2024.09.05"]
[EventType "team-tourn"]
[EventCountry "HUN"]
[SourceTitle "playchess.com"]
[Source "ChessBase"]
[SourceQuality "1"]
[WhiteTeam "Costa Rica"]
[BlackTeam "Belgium"]
[WhiteTeamCountry "CRI"]
[BlackTeamCountry "BEL"]
[TimeControl "40/5400+30:1800+30"]

1. e4 e5 2. Nf3 Nc6 3. Bb5 a6 4. Ba4 Nf6 5. Qe2 d6 6. c3 Bd7 7. O-O g6 8. Rd1 Bg7 9. d3 O-O 10. Nbd2 h6 11. Nf1 Nh7 12. h3 Nd4 13. cxd4 Bxa4 14. b3 Bd7 15. dxe5 dxe5 16. Bb2 Qe7 17. Ne3 Bc6 18. Ng4 f6 19. Nh4 Qf7 20. Qe3 Ng5 21. f4 exf4 22. Qxf4 h5 23. Ne3 Kh7 24. Rf1 Rad8 25. Rad1 Ne6 26. Qg3 Nd4 27. Rf2 Bh6 28. Nd5 Bxd5 29. Bxd4 Bxe4 30. dxe4 c5 31. Rc2 g5 32. Rxc5 gxh4 33. Qc3 Rg8 34. Rf1 Rg3 35. Rc7 Rd7 36. Rxd7 Qxd7 37. Qb2 Qxh3 38. Rxf6 Qg4 39. Qc2 Bg7 40. Rf7 Qe6 41. Qc7 Rxg2+ 42. Kxg2 Qxe4+ 43. Kh2 Qxd4 44. Qc2+ Kg8 45. Rf2 Qe5+ 46. Kg2 Qg3+ 47. Kf1 h3 48. Qc8+ Kh7 49. Qf5+ Kg8 50. Qf7+ Kh7 51. Qxh5+ Kg8 52. Qf7+ Kh7 53. Qf3 Qc7 54. Qxh3+ Kg8 55. Qe6+ Kh8 56. Qe8+ Kh7 57. Qe4+ Kh6 58. Qf4+ Qxf4 59. Rxf4 Kg6 60. a4 Bc3 61. Rc4 Ba5 62. b4 Bd8 63. Rc8 Be7 64. Rc7 Bxb4 65. Rxb7 a5 66. Rxb4 axb4 67. Ke2 Kf5 68. a5 Ke5 69. a6 Kd4 70. a7 1-0

[Event "45th FIDE Womens Olympiad 2024"]
[Site "Budapest"]
[Date "2024.09.14"]
[Round "4.134"]
[White "Vanduyfhuys, Daria"]
[Black "Rodriguez Arrieta, Maria Elena"]
[Result "1-0"]
[ECO "E16"]
[WhiteElo "2112"]
[BlackElo "1941"]
[Annotator "NA"]
[PlyCount "129"]
[EventDate "2024.09.05"]
[EventType "team-tourn"]
[EventCountry "HUN"]
[SourceTitle "playchess.com"]
[Source "ChessBase"]
[SourceQuality "1"]
[WhiteTeam "Belgium"]
[BlackTeam "Costa Rica"]
[WhiteTeamCountry "BEL"]
[BlackTeamCountry "CRI"]
[TimeControl "40/5400+30:1800+30"]

1. d4 Nf6 2. c4 e6 3. Nf3 Bb4+ 4. Bd2 a5 5. Nc3 b6 6. g3 Bb7 7. Bg2 O-O 8. O-O d6 9. b3 Nbd7 10. a3 Bxc3 11. Bxc3 Be4 12. Qc1 Qb8 13. Bh3 c5 14. a4 Qc7 15. Rd1 h6 16. Bb2 Rac8 17. Qd2 Rfe8 18. dxc5 dxc5 19. Qe3 Ba8 20. Bg2 Red8 21. Rd3 Ng4 22. Qf4 Qxf4 23. gxf4 Be4 24. Rd2 Nb8 25. Rad1 Nc6 26. h3 Nf6 27. Ne5 Rxd2 28. Rxd2 Bxg2 29. Kxg2 Rd8 30. Rxd8+ Nxd8 31. Kf3 Kf8 32. e4 Ke7 33. Ke3 Ne8 34. f3 Nc7 35. Bc3 Na6 36. Nd3 f6 37. Kd2 Nc6 38. Ke3 Nc7 39. Nc1 Na6 40. Ne2 Nc7 41. Ng3 Kf7 42. f5 e5 43. f4 Nd4 44. fxe5 fxe5 45. Kd3 Ne8 46. Ne2 Nxe2 47. Kxe2 Kf6 48. Be1 Nd6 49. Bh4+ Kf7 50. Kf3 Ke8 51. Bg3 Nf7 52. Kg4 Kf8 53. Kh5 Kg8 54. Bh4 Kh7 55. Be7 Kg8 56. f6 Kh7 57. fxg7 Kxg7 58. h4 Kh7 59. Kg4 Kg6 60. h5+ Kg7 61. Kf5 Kh7 62. Kf6 Ng5 63. Kxe5 Nf3+ 64. Kd5 Nd4 65. Bd8 1-0

[Event "45th FIDE Womens Olympiad 2024"]
[Site "Budapest"]
[Date "2024.09.14"]
[Round "4.135"]
[White "Bogantes Robleto, Karina"]
[Black "De Rycke, Tyani"]
[Result "0-1"]
[ECO "E71"]
[WhiteElo "1766"]
[BlackElo "2110"]
[Annotator "NA"]
[PlyCount "96"]
[EventDate "2024.09.05"]
[EventType "team-tourn"]
[EventCountry "HUN"]
[SourceTitle "playchess.com"]
[Source "ChessBase"]
[SourceQuality "1"]
[WhiteTeam "Costa Rica"]
[BlackTeam "Belgium"]
[WhiteTeamCountry "CRI"]
[BlackTeamCountry "BEL"]
[TimeControl "40/5400+30:1800+30"]

1. d4 Nf6 2. c4 g6 3. Nc3 Bg7 4. e4 d6 5. h3 Nbd7 6. Be3 e5 7. d5 h5 8. Qc2 Bh6 9. Bxh6 Rxh6 10. Nf3 h4 11. O-O-O Nh5 12. Qd2 Rh8 13. Qg5 Qxg5+ 14. Nxg5 a6 15. Nf3 Nf4 16. g3 hxg3 17. fxg3 Nh5 18. Rg1 Ke7 19. Nh4 Ndf6 20. Rd2 Bd7 21. Rf2 Rab8 22. b4 b5 23. cxb5 axb5 24. Nf3 Nh7 25. Kd2 Rhg8 26. g4 Nf4 27. Ne2 Ra8 28. Nc3 c6 29. Ke1 cxd5 30. Nxd5+ Nxd5 31. exd5 Ra4 32. Rb2 Nf6 33. Bg2 Nxd5 34. Nxe5 Nxb4 35. a3 Rxa3 36. Rxb4 dxe5 37. Bf1 Ra1+ 38. Kf2 Rc8 39. Rg3 Rc2+ 40. Be2 Ra4 41. Rgb3 Rxb4 42. Rxb4 Kd6 43. Kf1 Rc5 44. h4 Rc1+ 45. Kf2 Rh1 46. g5 Rh2+ 47. Ke1 Bc6 48. Bxb5 Kc5 0-1

[Event "45th FIDE Womens Olympiad 2024"]
[Site "Budapest"]
[Date "2024.09.14"]
[Round "4.136"]
[White "Dierckens, Sarah"]
[Black "Canales Chinchilla, Victoria"]
[Result "0-1"]
[ECO "B31"]
[WhiteElo "1943"]
[BlackElo "1825"]
[Annotator "NA"]
[PlyCount "104"]
[EventDate "2024.09.05"]
[EventType "team-tourn"]
[EventCountry "HUN"]
[SourceTitle "playchess.com"]
[Source "ChessBase"]
[SourceQuality "1"]
[WhiteTeam "Belgium"]
[BlackTeam "Costa Rica"]
[WhiteTeamCountry "BEL"]
[BlackTeamCountry "CRI"]
[TimeControl "40/5400+30:1800+30"]

1. e4 c5 2. Nf3 Nc6 3. Bb5 g6 4. Bxc6 dxc6 5. d3 Bg7 6. h3 e5 7. Be3 b6 8. Qd2 Ne7 9. Bh6 Bxh6 10. Qxh6 f6 11. Qg7 Rf8 12. Qxh7 Be6 13. Nc3 Qd6 14. Qh6 O-O-O 15. Qe3 g5 16. O-O-O b5 17. Nd2 Kb7 18. Nb3 Kb6 19. a4 Bxb3 20. cxb3 Qe6 21. a5+ Ka6 22. Qxc5 Rd7 23. Kc2 Rfd8 24. Na2 Rd4 25. Nb4+ Rxb4 26. Qxb4 c5 27. Qc3 Nc6 28. Kb1 Nb4 29. h4 gxh4 30. Rxh4 Rd4 31. Rh7 Qd6 32. f3 Nxd3 33. b4 c4 34. b3 Nxb4 35. Rxd4 exd4 36. Qb2 c3 37. Qa3 c2+ 38. Ka1 Qc5 39. Rh1 Qc3+ 40. Qb2 Nd3 41. Qxc3 dxc3 42. b4 c1=Q+ 43. Rxc1 Nxc1 44. Kb1 Nd3 45. Kc2 Nxb4+ 46. Kxc3 Kxa5 47. f4 Nc6 48. g4 Kb6 49. e5 fxe5 50. f5 Ne7 51. Kd3 Nxf5 52. gxf5 Kc6 0-1

[Event "45th FIDE Womens Olympiad 2024"]
[Site "Budapest"]
[Date "2024.09.14"]
[Round "4.137"]
[White "Sulyok, Eszter"]
[Black "Smith, Olivia"]
[Result "0-1"]
[ECO "A21"]
[WhiteElo "2080"]
[BlackElo "2087"]
[Annotator "NA"]
[PlyCount "126"]
[EventDate "2024.09.05"]
[EventType "team-tourn"]
[EventCountry "HUN"]
[SourceTitle "playchess.com"]
[Source "ChessBase"]
[SourceQuality "1"]
[WhiteTeam "Hungary C"]
[BlackTeam "Wales"]
[WhiteTeamCountry "HUN"]
[BlackTeamCountry "WLS"]
[TimeControl "40/5400+30:1800+30"]

1. c4 e5 2. e3 d6 3. Nc3 f5 4. g3 Nf6 5. Bg2 g6 6. Nge2 Bg7 7. d3 O-O 8. O-O c6 9. d4 e4 10. d5 c5 11. f3 exf3 12. Bxf3 Nbd7 13. Nf4 Ne5 14. Ne6 Nxf3+ 15. Qxf3 Bxe6 16. dxe6 Re8 17. e4 fxe4 18. Nxe4 Nxe4 19. Qxe4 Qe7 20. Re1 Be5 21. Bf4 Qxe6 22. Bxe5 dxe5 23. Rad1 Rad8 24. Rd5 Rxd5 25. cxd5 Qd6 26. Qc4 Rd8 27. Rd1 Kg7 28. a3 b6 29. Rd2 Rf8 30. Rf2 Rd8 31. Rd2 Rf8 32. Rf2 Rf5 33. Rd2 h5 34. b4 cxb4 35. axb4 Rf7 36. Rf2 Rc7 37. Qe4 Rd7 38. Rd2 a5 39. b5 Qc5+ 40. Kg2 Qd6 41. g4 hxg4 42. Qxg4 Rc7 43. Qe6 Qxe6 44. dxe6 Kf8 45. Rd8+ Ke7 46. Rb8 Kxe6 47. Rxb6+ Kf5 48. Ra6 Rc2+ 49. Kg3 Ra2 50. Ra8 a4 51. Rf8+ Ke6 52. b6 Rb2 53. Rg8 a3 54. Rxg6+ Kd5 55. b7 Rxb7 56. Ra6 Rb3+ 57. Kg4 Kd4 58. h4 Kc3 59. Kf5 Kb2 60. Kxe5 Rh3 61. Rb6+ Ka1 62. Ra6 a2 63. Kd4 Kb2 0-1

[Event "45th FIDE Womens Olympiad 2024"]
[Site "Budapest"]
[Date "2024.09.14"]
[Round "4.138"]
[White "Camp, Imogen A L"]
[Black "Toth, Lili"]
[Result "1/2-1/2"]
[ECO "D00"]
[WhiteElo "1923"]
[BlackElo "2105"]
[Annotator "NA"]
[PlyCount "92"]
[EventDate "2024.09.05"]
[EventType "team-tourn"]
[EventCountry "HUN"]
[SourceTitle "playchess.com"]
[Source "ChessBase"]
[SourceQuality "1"]
[WhiteTeam "Wales"]
[BlackTeam "Hungary C"]
[WhiteTeamCountry "WLS"]
[BlackTeamCountry "HUN"]
[TimeControl "40/5400+30:1800+30"]

1. d4 Nf6 2. Nc3 d5 3. Bf4 e6 4. Nb5 Na6 5. e3 c6 6. Nc3 b6 7. a3 Bd6 8. Bxd6 Qxd6 9. Nf3 Nc7 10. Bd3 Bb7 11. Ne5 Nd7 12. f4 Nxe5 13. fxe5 Qe7 14. Qg4 O-O-O 15. O-O-O f6 16. Qf4 fxe5 17. Qxe5 Qf6 18. Qxf6 gxf6 19. g4 h6 20. Rhf1 Rdf8 21. Rf2 Kd7 22. Rdf1 Ke7 23. Kd2 c5 24. Ne2 e5 25. Ng3 Bc8 26. h3 Ne8 27. Nh5 Rhg8 28. Bh7 Rg5 29. dxe5 Rxe5 30. Bg6 Ba6 31. Bd3 c4 32. Be2 Nd6 33. Ng3 Ke6 34. c3 Ne4+ 35. Nxe4 dxe4 36. Bd1 Bb7 37. Bc2 f5 38. Ke1 h5 39. Rf4 hxg4 40. hxg4 Rb5 41. gxf5+ Rbxf5 42. b4 Rxf4 43. exf4 Kf5 44. Ke2 Rh8 45. Ke3 Rh2 46. Bb1 Rh4 1/2-1/2